 Dungeon Crawl Stone Soup version 0.18-a0-1443-ge8f1551 (webtiles) character file.

54 namelastname112 the Insei (level 3, -2/31 HPs)
             Began as a Draconian Monk on Feb 29, 2016.
             Killed from afar by a white imp (15 damage)
             ... with a puff of frost
             ... summoned by Natasha
             ... on level 2 of the Dungeon.
             The game lasted 00:01:08 (814 turns).

namelastname112 the Insei (Draconian Monk)           Turns: 814, Time: 00:01:09

Health: -2/31      AC:  5    Str: 13    XL:     3   Next: 66%
Magic:  3/3        EV: 13    Int: 10    God:
Gold:   59         SH:  0    Dex: 14    Spells: 0 memorised, 2 levels left

rFire  . . .     SeeInvis .       - Unarmed
rCold  . . .     Gourm    .     (armour unavailable)
rNeg   . . .     Faith    .     (no shield)
rPois  +         Spirit   .     (helmet restricted)
rElec  .         Dismiss  .     (no cloak)
rCorr  .         Reflect  .     (no gloves)
SustAt .         Harm     .     (no boots)
MR     .....     Rnd*Tele +     (no amulet)
Stlth  ++........               e - ring of poison resistance
                                c - ring of teleportation (curse)

@: not resistant to hostile enchantments, unstealthy
A: unfitting armour, cold-blooded, AC +5
a: no special abilities


You were on level 2 of the Dungeon.
You were not hungry.

You visited 1 branch of the dungeon, and saw 2 of its levels.

You collected 59 gold pieces.

Inventory:

Jewellery
 c - a cursed ring of teleportation (left hand)
 e - a ring of poison resistance (right hand)
Scrolls
 d - a scroll of blinking {unknown}
 h - a scroll of identify {unknown}
Potions
 b - a potion of berserk rage {unknown}
 g - a potion of heal wounds {unknown}
 i - a potion of cure mutation {unknown}
 j - a potion of might {unknown}
 k - a potion of curing {unknown}
Comestibles
 a - 4 bread rations
 f - a beef jerky


   Skills:
 - Level 3.2 Fighting
 - Level 2.6 Dodging
 - Level 1.7 Stealth
 + Level 5.4 Unarmed Combat


You had 2 spell levels left.
You didn't know any spells.

Dungeon Overview and Level Annotations

Branches:
Dungeon (2/15)

Altars:

Annotations:
D:2 Natasha


Innate Abilities, Weirdness & Mutations

Your plain brown scales are hard (AC +5).
Your body does not fit into most forms of armour.
You are cold-blooded and may be slowed by cold attacks.


Message History

You kill the worm!
Natasha casts a spell.
Natasha mumbles some strange words.
You hit the white imp.
The white imp is heavily wounded.
The white imp hits you. The white imp freezes you. The adder bites you.
The crimson imp blinks!
You closely miss the white imp.
The white imp is heavily wounded.
The white imp barely misses you. Natasha casts a spell at you.
You resist with significant effort. The adder bites you but does no damage.
You hit the white imp but do no damage. You tail-slap the white imp.
The white imp is severely wounded.
The white imp barely misses you. The adder misses you. Natasha claws you.
You barely miss the white imp.
The white imp is severely wounded.
The white imp gestures at you. The puff of frost hits you!
You die...

#.....#..#
####..# .#
.5. .##...#
... ......#
#.# ##.†.##
#.####
#...#
.....#
#....#
##5...#
####..#
#h5S..#
####..#
#.@...#
......# #
#.....#
##.#...
#..##.....#
.....
#.........#
.....
#...##....#
......
#.........#
......
###.#.....#
......
......####
......
#.#.....#


You could see an iron imp, Natasha, a crimson imp, an adder and a white imp.

Vanquished Creatures
  An ooze (D:1)
  A worm (D:2)
  2 dart slugs
  A giant gecko (D:1)
  2 ball pythons
  4 goblins
  4 hobgoblins (D:1)
  3 jackals (D:2)
  7 bats (D:1)
  4 giant newts (D:1)
  6 kobolds
  7 rats
42 creatures vanquished.

Notes
Turn   | Place    | Note
--------------------------------------------------------------
     0 | D:1      | namelastname112 the Draconian Monk began the quest for the Orb.
     0 | D:1      | Reached XP level 1. HP: 19/19 MP: 1/1
   111 | D:1      | Reached XP level 2. HP: 24/26 MP: 2/2
   318 | D:1      | Reached skill level 5 in Unarmed Combat
   358 | D:1      | Reached XP level 3. HP: 26/31 MP: 3/3
   804 | D:2      | Noticed Natasha
   814 | D:2      | Killed from afar by a white imp

Vault maps used:
D:1:      onia_arrival_handbag, minivault_4
D:2:      marbit_many_paths, fedhas_altar_1, uniq_natasha

Skill      XL: |  1  2 |
---------------+-------+-----
Unarmed Combat | 5 |  5.4
Fighting       | |  3.2
Dodging        | |  2.6
Stealth        | |  1.7

Action                   || total
-------------------------++-------
Melee: Unarmed           ||   118
 Stab: Sleeping          ||     8
